 Dungeon Crawl Stone Soup version 0.23.2-30-g0e89c35649 (webtiles) character file.

Game seed: 13498623373227635271

58 doot the Gusty (level 4, -1/24 HPs)
             Began as a Tengu Air Elementalist on June 21, 2019.
             Killed by divine providence
             ... invoked by an orc priest
              (8 damage)
             ... on level 4 of the Dungeon.
             The game lasted 00:05:12 (2588 turns).

doot the Gusty (Tengu Air Elementalist)             Turns: 2588, Time: 00:05:12

Health: -1/24      AC:  2    Str: 14    XL:     4   Next: 2%
Magic:  3/8        EV: 13    Int: 16    God:
Gold:   122        SH:  0    Dex: 14    Spells: 3/7 levels left

rFire    . . .     SeeInvis .   h - +0 whip
rCold    . . .     Gourm    .   (no shield)
rNeg     . . .     Faith    .   a - +0 robe
rPois    .         Spirit   .   (helmet restricted)
rElec    .         Reflect  .   (no cloak)
rCorr    .         Harm     .   (no gloves)
MR       .....                  (boots unavailable)
Stlth    ++........             (no amulet)
HPRegen  0.08/turn              d - +5 ring of strength
MPRegen  0.11/turn              (no ring)

@: no status effects
A: beak, talons 3
a: no special abilities


You were on level 4 of the Dungeon.
You were hungry.

You visited 1 branch of the dungeon, and saw 4 of its levels.

You collected 122 gold pieces.

Inventory:

Hand Weapons
 h - a +0 whip (weapon)
Armour
 a - a +0 robe (worn)
Jewellery
 d - a +5 ring of strength (left hand)
 j - a +4 amulet of reflection {unknown}
Scrolls
 b - a scroll of teleportation {unknown}
 e - 2 scrolls of random uselessness {unknown}
 g - a scroll of enchant weapon {unknown}
 i - a scroll of fog {unknown}
Potions
 f - a potion of heal wounds {unknown}
 k - a potion of cancellation {unknown}
 m - a potion of agility {unknown}
Comestibles
 c - 2 rations
 l - 2 chunks of flesh


   Skills:
 + Level 0.1 Fighting
 + Level 2.3 Dodging
 + Level 2.2 Stealth
 + Level 2.4 Spellcasting
 + Level 2.8 Conjurations
 + Level 5.0 Air Magic


You had 3 spell levels left.
You knew the following spells:

 Your Spells              Type           Power        Failure   Level  Hunger
a - Shock                 Conj/Air       ##..         4%          1    #......
c - Static Discharge      Conj/Air       ##......     12%         3    ###....

Your spell library contained the following spells:

 Spells                   Type           Power        Failure   Level  Hunger
 Swiftness                Chrm/Air       #.......     11%         2    ###....
 Airstrike                Air            ###.......   26%         4    #####..
 Lightning Bolt           Conj/Air       ##........   73%         5    ######.


Dungeon Overview and Level Annotations

Branches:
Dungeon (4/15)
 Temple: D:4-7

Altars:
Elyvilon


Innate Abilities, Weirdness & Mutations

You have a beak for a mouth.
You have claws for feet.


Message History

Casting: Shock (safe; 4% risk of failure)
Confirm with . or Enter, or press ? or * to list all spells.
Aiming: Shock (safe; 4% risk of failure)
Press: ? - help, Shift-Dir - straight line, f/p - orc priest
Aim: an orc priest, wielding a +0 dagger The zap hits the adder skeleton.
The adder skeleton is almost destroyed.
The zap misses the orc priest.
The zap hits the orc priest.
The orc priest is moderately wounded.
The adder skeleton bites you.
* * * LOW HITPOINT WARNING * * *
Unknown command.
The adder skeleton bites you.
* * * LOW HITPOINT WARNING * * *
The orc wizard mumbles some strange words.
The orc wizard blinks!
A phantom comes into view.
The orc priest invokes the aid of Beogh against you.
Beogh smites you!
You die...

#.#####..##### #..#
#o.###### #........#
#o######.# #.#####
#.#...# #Z#...# #@#...##
#.'....# ## ##.#....# ...
#......<# ....###
######.....#.#
.......##..........#...
......).........####..W..
..............).##
#.......
.......≈..........
........


You could see a phantom (wandering), 2 orc priests and an adder skeleton.

Vanquished Creatures
  An ooze (D:1)
  A worm (D:2)
  A dart slug (D:3)
  A leopard gecko (D:2)
  5 orcs
  3 giant cockroaches
  5 goblins
  4 hobgoblins
  4 jackals
  3 kobolds (D:1)
  A quokka (D:2)
  A ball python (D:1)
  3 bats
  3 frilled lizards
  5 rats
41 creatures vanquished.

Notes
Turn   | Place    | Note
-------+----------+-------------------------------------------
     0 | D:1      | doot the Tengu Air Elementalist began the quest for the
                  | Orb.
     0 | D:1      | Reached XP level 1. HP: 10/10 MP: 4/4
   361 | D:1      | Reached XP level 2. HP: 14/15 MP: 0/6
   971 | D:1      | Reached XP level 3. HP: 19/19 MP: 4/7
   976 | D:1      | Learned a level 3 spell: Static Discharge
  1867 | D:2      | Found a white marble altar of Elyvilon.
  2575 | D:4      | Reached skill level 5 in Air Magic
  2575 | D:4      | Reached XP level 4. HP: 21/24 MP: 4/8
  2588 | D:4      | Noticed a phantom
  2588 | D:4      | Killed from afar by an orc priest

Skill      XL: |  1  2  3 |
---------------+----------+-----
Conjurations   | 2 |  2.8
Air Magic      | 5 |  5.0
Fighting       | |  0.1
Dodging        | |  2.3
Stealth        | |  2.2
Spellcasting   | |  2.4

Action                   |  1- 3 |  4- 6 || total
-------------------------+-------+-------++-------
Melee: Unarmed           |     3 |       ||     3
       Whip              |    10 |       ||    10
       Kick              |     1 |       ||     1
 Cast: Shock             |    82 |     3 ||    85
       Static Discharge  |     3 |       ||     3
  Eat: Chunk             |     6 |       ||     6
Armor: Robe              |     3 |       ||     3
Dodge: Dodged            |    32 |     2 ||    34
